 Dungeon Crawl Stone Soup version 0.23-a0-586-gacb4b3f (webtiles) character file.

91 Lanoc the Chiller (level 4, 0/33 HPs)
             Began as a Demigod Ice Elementalist on Dec 19, 2018.
             Slain by Natasha (4 damage)
             ... on level 2 of the Dungeon.
             The game lasted 00:04:40 (1190 turns).

Lanoc the Chiller (Demigod Ice Elementalist)        Turns: 1190, Time: 00:04:41

Health: 0/33       AC:  1    Str: 11    XL:     4   Next: 12%
Magic:  8/10       EV: 18    Int: 26    God:
Gold:   25         SH:  0    Dex: 21    Spells: 4/7 levels left

rFire    . . .     SeeInvis .   (no weapon)
rCold    . . .     Gourm    .   (no shield)
rNeg     . . .     Faith    .   g - -1 robe (curse)
rPois    .         Spirit   .   (no helmet)
rElec    .         Reflect  .   (no cloak)
rCorr    .         Harm     .   (no gloves)
MR       .....                  (no boots)
Stlth    +++.......             (no amulet)
HPRegen  0.11/turn              (no ring)
MPRegen  0.12/turn              (no ring)

@: brilliant, agile, slowed, very slow
A: high mp 1
a: no special abilities


You were on level 2 of the Dungeon.
You were not hungry.

You visited 1 branch of the dungeon, and saw 2 of its levels.

You collected 25 gold pieces.

Inventory:

Armour
 a - a +0 robe
 g - a cursed -1 robe (worn)
Jewellery
 j - an uncursed ring of stealth {unknown}
Scrolls
 d - 3 scrolls of identify {unknown}
 e - 2 scrolls of amnesia {unknown}
Comestibles
 c - 3 rations
 i - 5 chunks of flesh


   Skills:
 + Level 2.5 Dodging
 - Level 1.7 Stealth
 + Level 2.4 Spellcasting
 - Level 0.8 Conjurations
 * Level 3.8 Ice Magic


You had 4 spell levels left.
You knew the following spells:

 Your Spells              Type           Power        Failure   Level  Hunger
a - Freeze                Ice            ####         1%          1    None
b - Throw Frost           Conj/Ice       ####..       1%          2    ##.....

Your spell library contained the following spells:

 Spells                   Type           Power        Failure   Level  Hunger
 Ozocubu's Armour         Chrm/Ice       ####....     1%          3    ###....
 Throw Icicle             Conj/Ice       ####....     4%          4    ####...
 Summon Ice Beast         Ice/Summ       ####....     5%          4    ####...


Dungeon Overview and Level Annotations

Branches:
Dungeon (2/15)

Annotations:
D:2 Natasha


Innate Abilities, Weirdness & Mutations

You have an increased reservoir of magic. (+10% MP)


Message History

Confirm with . or Enter, or press ? or * to list all spells.
Aiming: Freeze (safe; 1% risk of failure)
Press: ? - help, Shift-Dir - straight line, f - Natasha
Aim: Natasha You freeze Natasha.
Natasha is heavily wounded.
The crimson imp blinks!
The frilled lizard barely misses you. Natasha barely misses you.
The crimson imp blinks!
Casting: Freeze (safe; 1% risk of failure)
Confirm with . or Enter, or press ? or * to list all spells.
Aiming: Freeze (safe; 1% risk of failure)
Press: ? - help, Shift-Dir - straight line, f/p - Natasha
Aim: Natasha (heavily wounded)
You freeze Natasha.
Natasha is severely wounded.
The bat barely misses you. The frilled lizard closely misses you.
Natasha stares at you and mumbles some strange words.
You feel as though you will be slow longer.
The frilled lizard misses you. Natasha claws you.
You die...

# #.##...#....... #
#.##†.........>
#####..†....>......
.......#####.#.....
.......# #.#...#.
#####..# ...... #####..#
##...# ...##..# #...# ##
##.##..#######..@####...
#..............h.l......
#..##..........5b.......
#..##.#......§..........
#..#..#.######...#######
...#.##.# #...#
#.......# #..5##
#.......# #.>..#
####.#### #....#


You could see an iron imp, Natasha, a crimson imp, a bat and a frilled lizard.

Vanquished Creatures
  Natasha (twice) (D:2)
  A worm (D:2)
  2 dart slugs
  3 bats
  2 giant cockroaches (D:1)
  8 hobgoblins
  3 jackals (D:1)
  3 kobolds
  A quokka (D:2)
  3 frilled lizards
  A goblin (D:2)
  5 rats
34 creatures vanquished.

Notes
Turn   | Place    | Note
-------+----------+-------------------------------------------
     0 | D:1      | Lanoc the Demigod Ice Elementalist began the quest for the
                  | Orb.
     0 | D:1      | Reached XP level 1. HP: 14/14 MP: 5/5
   161 | D:1      | Reached skill level 3 in Ice Magic
   169 | D:1      | Reached XP level 2. HP: 8/20 MP: 0/7
   850 | D:2      | Learned a level 2 spell: Throw Frost
   931 | D:2      | Reached XP level 3. HP: 14/26 MP: 0/8
   991 | D:2      | Noticed Natasha
  1003 | D:2      | Killed Natasha
  1156 | D:2      | Noticed Natasha
  1160 | D:2      | Killed Natasha
  1160 | D:2      | Reached XP level 4. HP: 11/33 MP: 5/10
  1170 | D:2      | Noticed Natasha
  1190 | D:2      | Slain by Natasha

Vault maps used:
D:1:      minmay_arrival_solitary_statue
D:2:      minivault_27, grunt_ministairs_10, uniq_natasha

Skill      XL: |  1 |
---------------+----+-----
Dodging        | 2 |  2.5
Ice Magic      | 3 |  3.8
Spellcasting   | 2 |  2.4
Stealth        | |  1.7
Conjurations   | |  0.8

Action                   |  1- 3 |  4- 6 || total
-------------------------+-------+-------++-------
Melee: Unarmed           |    21 |       ||    21
 Cast: Freeze            |    57 |     3 ||    60
       Throw Frost       |     4 |       ||     4
  Use: Potion            |       |     3 ||     3
 Stab: Sleeping          |     2 |       ||     2
  Eat: Chunk             |     2 |       ||     2
Armor: Robe              |     4 |       ||     4
Dodge: Dodged            |    36 |     8 ||    44

Table legend:
 A = Non-vault XP
 B = Vault XP
 C = Vault XP percentage of total XP
 D = Non-vault monster count
 E = Vault monster count
 F = Vault count percentage of total count
                 A         B        C        D         E       F
            +---------+---------+-------+---------+---------+-------
      Total |      96 |      35 |  26.7 |      33 |       1 |   2.9
            +---------+---------+-------+---------+---------+-------
        D:1 |      34 |       0 |   0.0 |      19 |       0 |   0.0
        D:2 |      62 |      35 |  36.1 |      14 |       1 |   6.7
            +---------+---------+-------+---------+---------+-------
